 Dungeon Crawl Stone Soup version 0.28.0-45-g0d030f2227 (webtiles) character file.

Game seed: 16931683470612044851

15 Ablot the Grasshopper (level 2, 0/26 HPs)
             Began as a Gnoll Warper on Apr 7, 2022.
             Slain by a worm (10 damage)
             ... on level 2 of the Dungeon.
             The game lasted 00:00:47 (1281 turns).

Ablot the Grasshopper (Gnoll Warper)                Turns: 1281, Time: 00:00:47

Health: 0/26       AC:  3    Str: 10    XL:     2   Next: 50%
Magic:  7/7        EV: 12    Int: 12    God:
Gold:   26         SH:  0    Dex: 11    Spells: 8/10 levels left

rFire   . . .      SeeInvis .   a - +0 spear
rCold   . . .      Faith    .   (no shield)
rNeg    . . .      Spirit   .   b - +0 leather armour
rPois   .          Reflect  .   (no helmet)
rElec   .          Harm     .   (no cloak)
rCorr   .          Rampage  .   (no gloves)
Will    .....                   (no boots)
Stlth   +.........              (no amulet)
HPRegen 0.08/turn               (no ring)
MPRegen 0.10/turn               (no ring)

@: no status effects
A: fangs 1, strong nose, distributed training
a: no special abilities


You were on level 2 of the Dungeon.
You visited 1 branch of the dungeon, and saw 2 of its levels.

You collected 26 gold pieces.

Inventory:

Hand Weapons
 a - a +0 spear (weapon)
Missiles
 d - 5 boomerangs of dispersal (quivered)
 e - 39 stones
Armour
 b - a +0 leather armour (worn)
Scrolls
 c - 2 scrolls of blinking


   Skills:
 + Level 4.5 Fighting
 + Level 0.4 Short Blades
 + Level 0.4 Long Blades
 + Level 0.4 Axes
 + Level 0.4 Maces & Flails
 + Level 4.5 Polearms
 + Level 0.4 Staves
 + Level 0.4 Slings
 + Level 0.4 Bows
 + Level 0.4 Crossbows
 + Level 2.5 Throwing
 + Level 2.5 Armour
 + Level 4.5 Dodging
 + Level 0.4 Stealth
 + Level 0.4 Shields
 + Level 0.4 Unarmed Combat
 + Level 4.9 Spellcasting
 + Level 0.2 Conjurations
 + Level 0.2 Hexes
 + Level 0.2 Summonings
 + Level 0.2 Necromancy
 + Level 5.3 Translocations
 + Level 0.2 Transmutations
 + Level 0.2 Fire Magic
 + Level 0.2 Ice Magic
 + Level 0.2 Air Magic
 + Level 0.2 Earth Magic
 + Level 0.2 Poison Magic
 + Level 0.5 Invocations
 + Level 0.4 Evocations


You had 8 spell levels left.
You knew the following spells:

 Your Spells              Type           Power      Damage    Failure   Level
a - Blink                 Tloc           30%        N/A       4%          2

Your spell library contained the following spells:

 Spells                   Type           Power      Damage    Failure   Level
 Gell's Gravitas          Tloc           15%        N/A       9%          3
 Lesser Beckoning         Tloc           15%        N/A       9%          3
 Teleport Other           Tloc           15%        N/A       9%          3
 Scorch                   Fire           6%         2d5       34%         2
 Ignite Poison            Fire/Tmut/Pois 3%         N/A       56%         3
 Manifold Assault         Tloc           15%        N/A       63%         5
 Flame Wave               Conj/Fire      3%         2d4       93%         4
 Ice Form                 Ice/Tmut       3%         N/A       93%         4
 Olgreb's Toxic Radiance  Pois           3%         N/A       93%         4
 Summon Cactus Giant      Summ           1%         N/A       100%        6


Dungeon Overview and Level Annotations

Branches:
Dungeon (2/15)

Altars:


Innate Abilities, Weirdness & Mutations

You have very sharp teeth.
Your uncanny sense of smell can sniff out nearby items.
Your experience applies equally to all skills.


Message History

You hit the hobgoblin but do no damage.
The hobgoblin hits you but does no damage.
You closely miss the hobgoblin.
You bite the hobgoblin, but do no damage.
The hobgoblin hits you. The worm bites you.
You hit the hobgoblin.
The hobgoblin is almost dead.
The hobgoblin misses you.
You hit the hobgoblin.
You kill the hobgoblin!
The worm bites you.
You are too injured to fight recklessly!
You are too injured to fight recklessly!
You are too injured to fight recklessly!
You are too injured to fight recklessly!
You are too injured to fight recklessly!
You are too injured to fight recklessly!
You are too injured to fight recklessly!
You are too injured to fight recklessly!
You are too injured to fight recklessly!
You are too injured to fight recklessly!
You are too injured to fight recklessly!
You are too injured to fight recklessly!
You are too injured to fight recklessly!
You are too injured to fight recklessly!
Unknown command.
You hit the worm.
The worm is lightly wounded.
You hit the worm. You bite the worm, but do no damage.
The worm is lightly wounded.
The worm misses you.
You hit the worm.
The worm is moderately wounded.
You hit the worm but do no damage. You bite the worm, but do no damage.
The worm is moderately wounded.
The worm bites you.
You hit the worm.
The worm is moderately wounded.
The worm bites you!
You die...

..#### . . .#
###(## #...#
##.....
##...##### #....
.........###..##
...........@..#
........##.†w...#
#...# #.....#...
###...## #......[
< #..<...#
#.....##..
#.#....# #......
# # ##.#.#
###..... .. #
...### #..


You could see a worm.

Vanquished Creatures
  3 endoplasms (D:1)
  2 hobgoblins
  A quokka (D:1)
  3 bats (D:1)
  A kobold (D:1)
  4 rats (D:1)
14 creatures vanquished.

Notes
Turn   | Place    | Note
-------+----------+-------------------------------------------
     0 | D:1      | Ablot the Gnoll Warper began the quest for the Orb.
     0 | D:1      | Reached XP level 1. HP: 20/20 MP: 6/6
    22 | D:1      | Got Pynev Gyc's Catalogue of the Noxious Snowflakes
   629 | D:1      | Reached XP level 2. HP: 25/26 MP: 7/7
   636 | D:1      | Learned a level 2 spell: Blink
  1281 | D:2      | Slain by a worm

Illustrated notes

Levels and vault maps discovered:
D:1:      nzn_arrival_depleted_hourglass, layout_basic
D:2:      layout_loops_cross, ebering_ecumenical_altar_webs, moated_statue,
          kennysheep_generic_room_7

Action                   || total
-------------------------++-------
Melee: Spear             ||    63
       Bite              ||     7
Armor: Leather armour    ||    11
Dodge: Dodged            ||    26
